 Dungeon Crawl Stone Soup version 0.18.1-48-g4cf74bf (webtiles) character file.

2029 Inkary the Fighter (level 9, -7/83 HPs)
             Began as a Minotaur Fighter on July 20, 2016.
             Was a Follower of Okawaru.
             Mangled by an orc warrior
             ... wielding a +0 war axe
              (8 damage)
             ... on level 6 of the Dungeon.
             The game lasted 00:18:42 (5412 turns).

Inkary the Fighter (Minotaur Fighter)               Turns: 5412, Time: 00:18:42

Health: -7/83      AC:  7    Str: 24    XL:     9   Next: 3%
Magic:  10/10      EV: 15    Int:  5    God:    Okawaru [*.....]
Gold:   380        SH:  0    Dex: 17    Spells: 0 memorised, 8 levels left

rFire  . . .     SeeInvis +     E - +0 dire flail
rCold  . . .     Gourm    .     b - +0 scale mail
rNeg   . . .     Faith    .     (shield currently unavailable)
rPois  .         Spirit   .     (helmet restricted)
rElec  .         Dismiss  .     (no cloak)
rCorr  .         Reflect  .     (no gloves)
SustAt .         Harm     .     (no boots)
MR     .....                    (no amulet)
Stlth  +.........               v - ring of see invisible
                                g - +2 ring of strength

@: agile, not resistant to hostile enchantments, very unstealthy
A: retaliatory headbutt, horns 2
a: Heroism, Renounce Religion


You were on level 6 of the Dungeon.
You worshipped Okawaru.
Okawaru was aware of your devotion.
You were not hungry.

You visited 2 branches of the dungeon, and saw 8 of its levels.
You also visited: Sewer.

You collected 380 gold pieces.

Inventory:

Hand Weapons
 s - a +0 blowgun
 E - a +0 dire flail (weapon)
Missiles
 u - 8 poisoned needles (quivered)
Armour
 b - a +0 scale mail (worn)
Jewellery
 g - a +2 ring of strength (left hand)
 t - a +1 ring of evasion {unknown}
 v - a ring of see invisible (right hand)
Scrolls
 h - a scroll of random uselessness {unknown}
 i - a scroll of teleportation
 l - a scroll of blinking {unknown}
 m - 3 scrolls of remove curse
 o - a scroll of noise {unknown}
 r - a scroll of summoning {unknown}
 w - 3 scrolls of recharging {unknown}
 y - a scroll of magic mapping {unknown}
 D - a scroll of fear {unknown}
Potions
 d - a potion of flight
 k - a potion of lignification {unknown}
 n - a potion of cure mutation {unknown}
 x - 2 potions of mutation {unknown}
 z - 2 potions of haste
 A - 2 potions of brilliance
Books
 a - a book of Conjurations

   Spells                             Type                      Level
   a - Magic Dart                     Conjuration                  1
   b - Searing Ray                    Conjuration                  2
   c - Dazzling Spray                 Conjuration/Hexes            3
   d - Fulminant Prism                Conjuration/Hexes            4
   e - Iskenderun's Mystic Blast      Conjuration                  4
   f - Iskenderun's Battlesphere      Conjuration/Charms           5
Comestibles
 c - 10 fruits
 f - 5 bread rations
 j - a beef jerky
 p - a slice of pizza
 q - 3 meat rations
 B - 2 chunks of flesh


   Skills:
 + Level 9.0 Fighting
   Level 6.8(7.8) Axes
 * Level 5.7(7.2) Maces & Flails
 + Level 6.4 Armour
   Level 5.0 Shields
 + Level 3.1 Invocations


You had 8 spell levels left.
You didn't know any spells.

Dungeon Overview and Level Annotations

Branches:
Dungeon (7/15)             Temple (1/1) D:6

Altars:
Dithmenos
Elyvilon
Makhleb
Nemelex Xobeh
Okawaru
Ru
Sif Muna
Trog
Xom
Yredelemnul
The Shining One

Shops:
D:5 }


Innate Abilities, Weirdness & Mutations

You reflexively headbutt those who attack you in melee.
You have a pair of horns on your head.


Message History

Beogh smites you!
* * * LOW HITPOINT WARNING * * *
You climb upwards.
There is a stone staircase leading down here.
You see here an arrow.
The orc barely misses you. The ogre closely misses you.
The orc priest looks braver for a moment.
The orc priest calls down the wrath of Beogh upon you.
Beogh smites you!
* * * LOW HITPOINT WARNING * * *
The orc warrior hits you with a war axe!
* * * LOW HITPOINT WARNING * * *
Drink which item? (? for menu, Esc to quit)
Okay, then.
Drink which item? (? for menu, Esc to quit)
Okay, then.
It was a potion of agility.
You feel agile all of a sudden.
The orc warrior hits you with a war axe!
You die...

....#.........#))######..........
##(.[.........#.(.....##.......#.
.......#......#)#####.........##.
##...###......#..# #######......
#...###.....(...# #.#..#.
#.#.........###.# #########[....
##.####.....(# #.# ####### #...#.
#..# #....>.# #.####⌠.⌠####.....
...# ##..))o###@...'.>.'....(.#.
.#.####..##(.o.#o####⌠.⌠####.(.##
.#.#....####.o.O.# ####### #(..##
.#.#.#### #################(.>#
.....# #...............(..#
.....# #..................#
.....# #.....#.........((.#
....<# #..[..#....##...#####
.....# #.....##.........##_.


You could see an orc warrior and an ogre.

Vanquished Creatures
  Edmund (D:5)
  An orc warrior (D:6)
  An ice beast (D:6)
  A black bear (D:6)
  4 centaurs
  A big kobold (Sewer)
  2 giant frogs (D:6)
  2 scorpions
  5 killer bees (D:6)
  3 crimson imps
  3 hounds
  A centaur skeleton (D:4)
  2 jellies (D:6)
  A giant frog skeleton (D:6)
  2 orc priests
  2 orc wizards
  Jessica (D:3)
  Ijyb (D:2)
  2 worker ants
  A howler monkey skeleton (D:4)
  4 gnolls (D:2)
  7 adders
  A river rat (Sewer)
  2 oozes
  A worm (D:2)
  2 dart slugs
  8 giant geckos
  24 orcs
  7 giant cockroaches
  8 goblins
  6 hobgoblins
  A jackal (D:1)
  14 kobolds
  A quokka (D:2)
  A ball python (D:1)
  9 bats
  2 giant gecko skeletons
  5 giant newts
  A quokka zombie (D:5)
  12 rats
153 creatures vanquished.

Notes
Turn   | Place    | Note
--------------------------------------------------------------
     0 | D:1      | Inkary the Minotaur Fighter began the quest for the Orb.
     0 | D:1      | Reached XP level 1. HP: 19/19 MP: 0/0
   161 | D:1      | Reached XP level 2. HP: 25/27 MP: 1/1
   179 | D:1      | Reached skill level 4 in Fighting
   513 | D:1      | Reached XP level 3. HP: 27/33 MP: 2/2
  1114 | D:2      | Reached XP level 4. HP: 17/41 MP: 3/3
  1485 | D:2      | Noticed Ijyb
  1497 | D:2      | Killed Ijyb
  1577 | D:2      | Reached skill level 5 in Armour
  1588 | D:3      | Reached skill level 5 in Fighting
  1592 | D:3      | Reached XP level 5. HP: 48/48 MP: 4/4
  1806 | D:3      | Reached skill level 5 in Shields
  1858 | D:3      | Found a glowing golden altar of the Shining One.
  1858 | D:3      | Found a shadowy altar of Dithmenos.
  1951 | D:3      | Noticed Jessica
  1957 | D:3      | Killed Jessica
  2702 | D:4      | Reached XP level 6. HP: 56/56 MP: 5/5
  2872 | D:4      | Found a glowing drain.
  2887 | D:4      | Reached skill level 5 in Axes
  2942 | Sewer    | Entered a sewer
  3128 | Sewer    | Reached skill level 6 in Fighting
  3147 | Sewer    | Found a glowing silver altar of Zin.
  3294 | D:4      | Reached XP level 7. HP: 46/63 MP: 6/6
  3502 | D:5      | Entered Level 5 of the Dungeon
  3509 | D:5      | Noticed Edmund
  3517 | D:5      | Killed Edmund
  3559 | D:5      | Found Bivobriu's Gadget Boutique.
  3684 | D:5      | You fall through a shaft!
  3700 | D:6      | Reached skill level 7 in Fighting
  3740 | D:6      | Found a staircase to the Ecumenical Temple.
  3745 | Temple   | Entered the Ecumenical Temple
  3752 | Temple   | Became a worshipper of Warmaster Okawaru
  3808 | D:6      | Reached skill level 8 in Fighting
  3808 | D:6      | Reached skill level 1 in Maces & Flails
  3808 | D:6      | Reached skill level 1 in Invocations
  3808 | D:6      | Reached XP level 8. HP: 41/74 MP: 7/7
  3814 | D:6      | Found a shimmering altar of Xom.
  4288 | D:6      | Found a bloodstained altar of Trog.
  4318 | D:6      | Reached * piety under Okawaru
  4682 | D:6      | Found a burning altar of Makhleb.
  4683 | D:6      | Found a shimmering altar of Xom.
  4741 | D:5      | Reached skill level 5 in Maces & Flails
  5226 | D:6      | Reached skill level 9 in Fighting
  5236 | D:6      | Reached XP level 9. HP: 45/83 MP: 10/10
  5410 | D:6      | HP: 1/83 [orc warrior/war axe (17)]
  5412 | D:6      | Mangled by an orc warrior

Skill      XL: |  1  2  3  4  5  6  7  8 |
---------------+-------------------------+-----
Fighting       | 4 5 6 8 9 |  9.0
Shields        | 4 5 |  5.0
Armour         | 4 5 6 |  6.4
Axes           | 3 5 6 |  6.8
Maces & Flails | 1 5 |  5.7
Invocations    | 1 3 |  3.1

Action                   |  1- 3 |  4- 6 |  7- 9 || total
-------------------------+-------+-------+-------++-------
Melee: War axe           |    92 |   172 |    21 ||   285
       Headbutt          |    11 |    33 |    27 ||    71
       Dire flail        |       |       |   121 ||   121
  Use: Potion            |       |     4 |    10 ||    14
       Scroll            |       |       |     4 ||     4
  Eat: Chunk             |     1 |     7 |     8 ||    16
Armor: Scale mail        |    39 |    87 |    61 ||   187
Dodge: Dodged            |    23 |    61 |    82 ||   166
Block: Shield            |    55 |   125 |    11 ||   191
